 Dungeon Crawl Stone Soup version 0.27.1-2-g3b301248ec (webtiles) character file.

Game seed: 1575733887471940337

24 nxtlvl the Chopper (level 2, -2/39 HPs)
             Began as a Draconian Berserker on Sept 30, 2021.
             Was a Follower of Trog.
             Slain by a gnoll (6 damage)
             ... on level 2 of the Dungeon.
             The game lasted 00:00:57 (112 turns).

nxtlvl the Chopper (Draconian Berserker)             Turns: 112, Time: 00:00:58

Health: -2/39      AC:  4    Str: 19    XL:     2   Next: 79%
Magic:  2/2        EV: 12    Int:  7    God:    Trog [*.....]
Gold:   27         SH:  0    Dex: 10    Spells: 1/1 levels left

rFire    . . .     SeeInvis .   a - +0 hand axe
rCold    . . .     Faith    .   (no shield)
rNeg     . . .     Spirit   .   (armour unavailable)
rPois    .         Reflect  .   (helmet restricted)
rElec    .         Harm     .   (no cloak)
rCorr    .         Rampage  .   (no gloves)
Will     .....                  (no boots)
Stlth    ..........             (no amulet)
HPRegen  0.13/turn              (no ring)
MPRegen  0.08/turn              (no ring)

@: berserking (expiring), very quick
A: AC +4, unfitting armour, cold-blooded
a: Renounce Religion, Berserk


You were on level 2 of the Dungeon.
You worshipped Trog.
Trog was aware of your devotion.
You visited 1 branch of the dungeon, and saw 2 of its levels.

You collected 27 gold pieces.

Inventory:

Hand Weapons
 a - a +0 hand axe (weapon)


   Skills:
 - Level 3.2 Fighting
 * Level 4.1 Axes
 - Level 2.6 Dodging


You had one spell level left.
You didn't know any spells.
Your spell library was empty.

Dungeon Overview and Level Annotations

Branches:
Dungeon (2/15)

Altars:


Innate Abilities, Weirdness & Mutations

Your plain brown scales are hard. (AC +4)
You cannot fit into any form of body armour.
You are cold-blooded and may be slowed by cold attacks.


Message History

Trog accepts your kill.
You see here a +0 dagger.
A gnoll comes into view.
It is wielding a +0 spear of distortion. 2 frilled lizards and a gnoll come into view.
The frilled lizard hisses angrily.
The gnoll shouts! x2; You hear a shout! x2
A gnoll comes into view. It is wielding a +0 flail.
The frilled lizard moves out of view.
A red film seems to cover your vision as you go berserk!
You feel yourself moving faster!
You feel mighty! The gnoll misses you.
You feel a strong urge to attack something.
The gnoll misses you.
You slash the gnoll!
You kill the gnoll!
Trog accepts your kill. The gnoll closely misses you.
You have reached level 2!
Things that are here:
a +0 halberd; a gnoll corpse You closely miss the gnoll.
The gnoll hits you with a +0 spear of distortion.
Space bends around you.
You closely miss the gnoll. The gnoll barely misses you.
You slash the gnoll!
The gnoll is severely wounded.
You barely miss the gnoll.
The gnoll is severely wounded.
The gnoll hits you with a +0 spear of distortion.
Space warps horribly around you!!
Ouch! That really hurt!
* * * LOW HITPOINT WARNING * * *
You slash the gnoll!
You kill the gnoll!
Trog accepts your kill.
The gnoll throws a throwing net.
The throwing net closely misses you.
Your Axes skill increases to level 4!
You see here a +0 spear of distortion.
You hit the gnoll.
Your tail-slap misses the gnoll.
The gnoll is moderately wounded.
The gnoll hits you with a +0 flail.
You die...

#.# #.# #g#
#g# #.# ###
#g# #.# #.#
#.#######.#
#(.)@g....#
###########


You could see a gnoll.

Vanquished Creatures
  2 gnolls (D:2)
  An endoplasm (D:2)
  A goblin (D:2)
  A quokka (D:2)
  A frilled lizard (D:2)
6 creatures vanquished.

Notes
Turn   | Place    | Note
-------+----------+-------------------------------------------
     0 | D:1      | nxtlvl the Draconian Berserker began the quest for the Orb.
     0 | D:1      | Reached XP level 1. HP: 19/19 MP: 1/1
   105 | D:2      | Reached XP level 2. HP: 26/26 MP: 2/2
   111 | D:2      | Reached skill level 4 in Axes
   112 | D:2      | Slain by a gnoll

Illustrated notes

Levels and vault maps discovered:
D:1:      lemuel_arrival_river_bridge, layout_basic,
          hellmonk_ecumenical_altar_pennies_from_heaven
D:2:      layout_loops_ring, st_stairs_1, chequers_serial_rivers_large_b

Skill      XL: |  1  2 |
---------------+-------+-----
Axes           | 4 |  4.1
Fighting       | |  3.2
Dodging        | |  2.6

Action                   || total
-------------------------++-------
Melee: Hand axe          ||    14
Invok: Berserk           ||     1
Armor: Skin              ||     3
Dodge: Dodged            ||     7
